 Dungeon Crawl Stone Soup version 0.22-a0-271-gc000056 (webtiles) character file.

425 tidbits the Insei (level 6, -12/47 HPs)
             Began as a Gnoll Transmuter on Mar 12, 2018.
             Was an Initiate of Cheibriados.
             Shot with an arrow by a centaur (14 damage)
             ... on level 6 of the Dungeon.
             The game lasted 00:06:32 (977 turns).

tidbits the Insei (Gnoll Transmuter)                 Turns: 977, Time: 00:06:33

Health: -12/47     AC:  4    Str: 14    XL:     6   Next: 96%
Magic:  11/14      EV: 16    Int: 18    God:    Cheibriados [......]
Gold:   76         SH:  0    Dex: 20    Spells: 9/15 levels left

rFire    . . .     SeeInvis .   q - +5 hand axe of Articulation {protect, Dex+4}
rCold    . . .     Gourm    .   (no shield)
rNeg     . . .     Faith    .   b - +0 robe
rPois    .         Spirit   .   E - +1 helmet
rElec    .         Reflect  .   (no cloak)
rCorr    .         Harm     +   (no gloves)
MR       .....                  (no boots)
Stlth    ++........             p - amulet of harm
HPRegen  0.15/turn              (no ring)
MPRegen  0.14/turn              (no ring)

@: slow
A: distributed training, fangs 1, strong nose
a: Bend Time, Renounce Religion


You were on level 6 of the Dungeon.
You worshipped Cheibriados.
Cheibriados was noncommittal.
You were very hungry.

You visited 2 branches of the dungeon, and saw 7 of its levels.

You collected 76 gold pieces.

Inventory:

Hand Weapons
 i - a +0 dagger
 q - the +5 hand axe of Articulation (weapon) {protect, Dex+4}
   (You found it on level 5 of the Dungeon)

   It protects the one who uses it against injury (+AC on strike).
   It affects your dexterity (+4).
 v - a cursed -2 shortbow
Missiles
 a - 45 arrows
 c - 43 stones
 g - 11 bolts
 h - 18 sling bullets
 k - 8 javelins (quivered)
Armour
 b - a +0 robe (worn)
 E - a +1 helmet (worn)
Jewellery
 p - an amulet of harm (around neck)
   (You found it on level 6 of the Dungeon)
Wands
 o - a wand of random effects (28)
Scrolls
 e - a scroll of blinking
 f - a scroll of fear
 l - 2 scrolls of teleportation {unknown}
 m - a scroll of vulnerability
 n - a scroll of immolation
 w - a scroll of random uselessness {unknown}
 y - a scroll of remove curse {unknown}
Potions
 j - a potion of ambrosia {unknown}
 s - a potion of mutation {unknown}
 t - a potion of resistance {unknown}
 u - a potion of cancellation
 x - a potion of agility {unknown}
Comestibles
 d - 5 rations


   Skills:
 + Level 3.3 Fighting
 + Level 2.1 Short Blades
 + Level 2.1 Long Blades
 + Level 2.1 Axes
 + Level 2.1 Maces & Flails
 + Level 2.1 Polearms
 + Level 2.1 Staves
 + Level 2.1 Slings
 + Level 2.1 Bows
 + Level 2.1 Crossbows
 + Level 2.1 Throwing
 + Level 2.1 Armour
 + Level 5.0 Dodging
 + Level 2.1 Stealth
 + Level 2.1 Shields
 + Level 6.9 Unarmed Combat
 + Level 5.4 Spellcasting
 + Level 1.7 Conjurations
 + Level 1.7 Hexes
 + Level 1.7 Charms
 + Level 1.7 Summonings
 + Level 1.7 Necromancy
 + Level 1.7 Translocations
 + Level 4.2 Transmutations
 + Level 1.7 Fire Magic
 + Level 1.7 Ice Magic
 + Level 1.7 Air Magic
 + Level 1.7 Earth Magic
 + Level 1.7 Poison Magic
 + Level 2.3 Invocations
 + Level 2.1 Evocations


You had 9 spell levels left.
You knew the following spells:

 Your Spells              Type           Power        Failure   Level  Hunger
e - Beastly Appendage     Tmut           ###...       2%          1    None
k - Sticks to Snakes      Tmut           ###.....     3%          2    #......
p - Spider Form           Tmut/Pois      ###.......   11%         3    ##.....


Dungeon Overview and Level Annotations

Branches:
Dungeon (6/15)             Temple (1/1) D:5

Altars:
Cheibriados
Elyvilon
Gozag
Makhleb
Okawaru
Qazlal
Trog
Uskayaw
Vehumet
Xom
Yredelemnul
Zin


Innate Abilities, Weirdness & Mutations

Your experience applies equally to all skills.
You have very sharp teeth.
Your uncanny sense of smell can sniff out nearby items.


Message History

You enter the shallow water.
Moving in this stuff is going to be slow.
Found a hide-covered altar of Uskayaw.
Found a bloodstained altar of Trog.
You enter the shallow water.
Moving in this stuff is going to be slow.
Found a basalt altar of Yredelemnul and a shimmering altar of Xom.
Found a radiant altar of Vehumet.
You enter the shallow water.
Moving in this stuff is going to be slow.
Found a glowing silver altar of Zin and a snail-covered altar of Cheibriados.
Found a burning altar of Makhleb.
There is a snail-covered altar of Cheibriados here.
You kneel at the altar of Cheibriados.
Cheibriados welcomes you!
Cheibriados begins to support your attributes as your movement slows.
You can now bend time to slow others.
You are feeling hungry.
(D) Dungeon (T) Temple
Where to? (Enter - Temple @ (x,y), ? - help)
You enter the shallow water.
Moving in this stuff is going to be slow.
You enter the shallow water.
Moving in this stuff is going to be slow.
You enter the shallow water.
Moving in this stuff is going to be slow.
There is an opulent altar of Gozag here.
There is a staircase back to the Dungeon here.
You climb upwards.
Welcome back to the Dungeon!
There is a staircase to the Ecumenical Temple here.
Unknown command.
You see here a blue potion.
x - a blue potion You see here 6 gold pieces.
You now have 58 gold pieces (gained 6).
A leopard gecko skeleton comes into view.
The leopard gecko skeleton barely misses you.
You hit the leopard gecko skeleton.
Your weapon exudes an aura of protection.
Your bite misses the leopard gecko skeleton.
The leopard gecko skeleton is heavily damaged.
The leopard gecko skeleton bites you but does no damage.
You slash the leopard gecko skeleton!
You destroy the leopard gecko skeleton!
Cheibriados appreciates the change of pace.
Found a scroll labeled KAIFOD JOAN.
You see here a scroll labeled KAIFOD JOAN.
y - a scroll labeled KAIFOD JOAN
Found 28 stones.
You see here 28 stones.
c - 43 stones (gained 28)
There is an open door here.
There is a stone staircase leading down here.
You climb downwards.
There is a stone staircase leading up here.
Unknown command.
You see here 8 gold pieces.
You now have 66 gold pieces (gained 8).
A centaur skeleton comes into view.
You see here an adder skeleton.
Found 10 gold pieces.
You see here 10 gold pieces.
You now have 76 gold pieces (gained 10).
Found a war axe.
A centaur comes into view.
The centaur shouts!
The centaur wields a shortbow.
The centaur shoots an arrow.
The arrow hits you!
Found a trident.
You see here an arrow.
Casting: Sticks to Snakes (safe; 3% risk of failure)
Confirm with . or Enter, or press ? or * to list all spells.
You turn into a venomous arachnid creature.
The +5 hand axe of Articulation {protect, Dex+4} melds into your body.
Your +1 helmet melds into your body.
Your +0 robe melds into your body.
The +5 hand axe of Articulation {protect, Dex+4} goes still.
You are feeling very hungry.
The centaur shoots an arrow.
The arrow hits you!
* * * LOW HITPOINT WARNING * * *
The centaur shoots an arrow.
The arrow hits you!
* * * LOW HITPOINT WARNING * * *
You feel much better.
The centaur shoots an arrow.
The arrow closely misses you.
The centaur shoots an arrow.
The arrow completely misses you.
The centaur shoots an arrow.
The arrow misses you.
The centaur shoots an arrow.
The arrow hits you.
* * * LOW HITPOINT WARNING * * *
You see here an arrow.
The centaur shoots an arrow.
The arrow hits you!
* * * LOW HITPOINT WARNING * * *
Found a scroll of identify.
You see here an arrow.
It was a potion of cancellation.
Your magical effects are unravelling.
You feel magically purged.
Your transformation has ended.
The +5 hand axe of Articulation {protect, Dex+4} unmelds from your body.
Your +1 helmet unmelds from your body.
Your +0 robe unmelds from your body.
The +5 hand axe of Articulation {protect, Dex+4} hums with potential!
The centaur shoots an arrow.
The arrow hits you!
You die...

#.########..# ##.#
#..# #..# #..# #..#
#..# #..# #..# #(.#
#..####### #..#
####........#
#.(#####.....#####.#
#.#@.........# #..
##.#.###.##.## #..
#. .# #. #.# #.. #)
c. # #.# ###..
#.)... (. ..... #.
..## #. #.###.. #.
?## #. ..... .. .#
#. ###.# ##.#


You could see a centaur.

Vanquished Creatures
  Eustachio (D:6)
  A centaur (D:5)
  A wyvern zombie (D:6)
  A crimson imp (D:6)
  2 worker ants (D:6)
  4 adders
  A worm (D:5)
  A leopard gecko (D:5)
  An orc (D:5)
  A giant cockroach (D:2)
  2 hobgoblins (D:2)
  8 jackals
  2 quokkas
  2 frilled lizards (D:2)
  2 goblins (D:2)
  A leopard gecko skeleton (D:5)
  A rat (D:2)
32 creatures vanquished.

Notes
Turn   | Place    | Note
-------+----------+-------------------------------------------
     0 | D:1      | tidbits the Gnoll Transmuter began the quest for the Orb.
     0 | D:1      | Reached XP level 1. HP: 17/17 MP: 6/6
   153 | D:2      | Reached XP level 2. HP: 21/23 MP: 7/7
   167 | D:2      | Learned a level 2 spell: Sticks to Snakes
   357 | D:3      | Reached XP level 3. HP: 25/28 MP: 9/9
   362 | D:3      | Learned a level 3 spell: Spider Form
   372 | D:3      | Reached skill level 5 in Spellcasting
   390 | D:5      | Entered Level 5 of the Dungeon
   429 | D:5      | Reached skill level 1 in Invocations
   449 | D:5      | Noticed a centaur
   471 | D:6      | Reached skill level 1 in Short Blades
   471 | D:6      | Reached skill level 1 in Long Blades
   471 | D:6      | Reached skill level 1 in Axes
   471 | D:6      | Reached skill level 1 in Maces & Flails
   471 | D:6      | Reached skill level 1 in Polearms
   471 | D:6      | Reached skill level 1 in Staves
   471 | D:6      | Reached skill level 1 in Slings
   471 | D:6      | Reached skill level 1 in Bows
   471 | D:6      | Reached skill level 1 in Crossbows
   471 | D:6      | Reached skill level 1 in Throwing
   471 | D:6      | Reached skill level 1 in Armour
   471 | D:6      | Reached skill level 1 in Stealth
   471 | D:6      | Reached skill level 1 in Shields
   471 | D:6      | Reached skill level 1 in Conjurations
   471 | D:6      | Reached skill level 1 in Hexes
   471 | D:6      | Reached skill level 1 in Charms
   471 | D:6      | Reached skill level 1 in Summonings
   471 | D:6      | Reached skill level 1 in Necromancy
   471 | D:6      | Reached skill level 1 in Translocations
   471 | D:6      | Reached skill level 1 in Fire Magic
   471 | D:6      | Reached skill level 1 in Ice Magic
   471 | D:6      | Reached skill level 1 in Air Magic
   471 | D:6      | Reached skill level 1 in Earth Magic
   471 | D:6      | Reached skill level 1 in Poison Magic
   471 | D:6      | Reached skill level 1 in Evocations
   471 | D:6      | Reached XP level 4. HP: 25/34 MP: 3/11
   538 | D:6      | Noticed Eustachio
   553 | D:6      | Killed Eustachio
   553 | D:6      | Reached skill level 3 in Fighting
   553 | D:6      | Reached skill level 4 in Transmutations
   553 | D:6      | Reached skill level 2 in Invocations
   553 | D:6      | Reached XP level 5. HP: 38/41 MP: 7/12
   553 | D:6      | Reached XP level 6. HP: 43/47 MP: 7/13
   595 | D:6      | Reached skill level 5 in Dodging
   668 | D:6      | Reached skill level 2 in Short Blades
   668 | D:6      | Reached skill level 2 in Long Blades
   668 | D:6      | Reached skill level 2 in Axes
   668 | D:6      | Reached skill level 2 in Maces & Flails
   668 | D:6      | Reached skill level 2 in Polearms
   668 | D:6      | Reached skill level 2 in Staves
   668 | D:6      | Reached skill level 2 in Slings
   668 | D:6      | Reached skill level 2 in Bows
   668 | D:6      | Reached skill level 2 in Crossbows
   668 | D:6      | Reached skill level 2 in Throwing
   668 | D:6      | Reached skill level 2 in Armour
   668 | D:6      | Reached skill level 2 in Stealth
   668 | D:6      | Reached skill level 2 in Shields
   668 | D:6      | Reached skill level 2 in Evocations
   724 | D:5      | Got a polished hand axe
   725 | D:5      | Identified the +5 hand axe of Articulation {protect, Dex+4} (You found it on level 5 of the Dungeon)
   785 | D:5      | Found a staircase to the Ecumenical Temple.
   795 | Temple   | Entered the Ecumenical Temple
   833 | Temple   | Became a worshipper of Cheibriados the Contemplative
   972 | D:6      | HP: 3/47 [centaur/arrow (19)]
   977 | D:6      | Shot with an arrow by a centaur

Vault maps used:
D:1:      dpeg_arrival_signposts, serial_forest, infiniplex_forest_zigzag_2,
          infiniplex_forest_clump_double, infiniplex_forest_lined_room_2,
          infiniplex_forest_clump_large, infiniplex_forest_clump_medium,
          infiniplex_forest_clump_medium, infiniplex_forest_clump_diagonal
D:2:      first_ration
D:3:      tso_oasis_becter, trog_three_pillars_becter
D:4:      kennysheep_generic_room_2
D:5:      temple_fountains
D:6:      uniq_sigmund, uniq_eustachio
Temple:   regret_index_temple_waves

Skill      XL: |  1  2  3  4  5  6 |
---------------+-------------------+-----
Spellcasting   | 5 |  5.4
Invocations    | 1 2 |  2.3
Short Blades   | 1 2 |  2.1
Long Blades    | 1 2 |  2.1
Axes           | 1 2 |  2.1
Maces & Flails | 1 2 |  2.1
Polearms       | 1 2 |  2.1
Staves         | 1 2 |  2.1
Slings         | 1 2 |  2.1
Bows           | 1 2 |  2.1
Crossbows      | 1 2 |  2.1
Throwing       | 1 2 |  2.1
Armour         | 1 2 |  2.1
Stealth        | 1 2 |  2.1
Shields        | 1 2 |  2.1
Conjurations   | 1 |  1.7
Hexes          | 1 |  1.7
Charms         | 1 |  1.7
Summonings     | 1 |  1.7
Necromancy     | 1 |  1.7
Translocations | 1 |  1.7
Fire Magic     | 1 |  1.7
Ice Magic      | 1 |  1.7
Air Magic      | 1 |  1.7
Earth Magic    | 1 |  1.7
Poison Magic   | 1 |  1.7
Evocations     | 1 2 |  2.1
Fighting       | 3 |  3.3
Transmutations | 4 |  4.2
Dodging        | 5 |  5.0
Unarmed Combat | |  6.9

Action                   |  1- 3 |  4- 6 || total
-------------------------+-------+-------++-------
Melee: Unarmed           |    62 |    23 ||    85
       Kick              |     4 |       ||     4
       Bite              |     2 |       ||     2
       Punch             |     1 |       ||     1
       Hand axe          |       |     2 ||     2
       Dagger            |       |     1 ||     1
Throw: Javelin           |       |     9 ||     9
 Cast: Beastly Appendage |     6 |       ||     6
       Spider Form       |     4 |     6 ||    10
       Sticks to Snakes  |     1 |     1 ||     2
  Use: Potion            |     1 |     2 ||     3
       Scroll            |       |     4 ||     4
 Stab: Sleeping          |     1 |     1 ||     2
       Distracted        |     1 |       ||     1
Armor: Robe              |     4 |     1 ||     5
       Skin              |     3 |       ||     3
Dodge: Dodged            |    56 |    23 ||    79

Table legend:
 A = Spawn XP
 B = Non-spawn XP
 C = Spawn XP percentage of total XP
 D = Spawn monster count
 E = Non-spawn monster count
 F = Spawn count percentage of total count
 G = Total turns spent on level
                    A         B        C        D         E        F      G
               +---------+---------+-------+---------+---------+-------+---------
         Total |       0 |     608 |   0.0 |       0 |      32 |   0.0 |   977
               +---------+---------+-------+---------+---------+-------+---------
           D:2 |       0 |      31 |   0.0 |       0 |      12 |   0.0 |   190
           D:3 |       0 |      21 |   0.0 |       0 |       5 |   0.0 |    46
           D:4 |       0 |       4 |   0.0 |       0 |       2 |   0.0 |    45
           D:5 |       0 |     134 |   0.0 |       0 |       6 |   0.0 |   220
           D:6 |       0 |     418 |   0.0 |       0 |       7 |   0.0 |   276
               +---------+---------+-------+---------+---------+-------+---------

Table legend:
 A = Turns spent in this place as a percentage of turns spent in the entire game.
 B = Non-inter-level travel turns spent in this place as a percentage of non-inter-level travel turns spent in the entire game.
 C = Inter-level travel turns spent in this place as a percentage of turns spent in this place.
 D = Turns resting spent in this place as a percentage of non-inter-level travel turns spent in this place.
 E = Turns spent auto-exploring this place as a percentage of non-inter-level travel turns spent in this place.
 F = Non-inter-level travel turns spent in this place divided by the number of levels of this place that you've seen.
                   A       B       C       D       E      F
               +-------+-------+-------+-------+-------+----------------------
         Total | 100.0 | 100.0 |   2.6 |   0.0 |   0.0 | 136.0
       Dungeon |  93.2 |  95.7 |   0.0 |   0.0 |   0.0 | 151.8
        Temple |   6.8 |   4.3 |  37.9 |   0.0 |   0.0 |  41.0
               +-------+-------+-------+-------+-------+----------------------

Table legend:
 A = Kills in this place as a percentage of kills in entire the game.
 B = Kills by you in this place as a percentage of kills by you in the entire game.
 C = Kills by friends in this place as a percentage of kills by friends in the entire game.
 D = Other kills in this place as a percentage of other kills in the entire game.
 E = Experience gained in this place as a percentage of experience gained in the entire game.
 F = Experience gained in this place divided by the number of levels of this place that you have seen.
                   A       B       C       D       E      F
               +-------+-------+-------+-------+-------+----------------------
         Total | 100.0 | 100.0 |   N/A |   N/A | 100.0 |  86.9
       Dungeon | 100.0 | 100.0 |   N/A |   N/A | 100.0 | 101.3
               +-------+-------+-------+-------+-------+----------------------

Vault maps used:
D:1:      dpeg_arrival_signposts, serial_forest, infiniplex_forest_zigzag_2,
          infiniplex_forest_clump_double, infiniplex_forest_lined_room_2,
          infiniplex_forest_clump_large, infiniplex_forest_clump_medium,
          infiniplex_forest_clump_medium, infiniplex_forest_clump_diagonal
D:2:      first_ration
D:3:      tso_oasis_becter, trog_three_pillars_becter
D:4:      kennysheep_generic_room_2
D:5:      temple_fountains
D:6:      uniq_sigmund, uniq_eustachio
Temple:   regret_index_temple_waves
